 Dungeon Crawl Stone Soup version 0.22.1-2-g9c5b331383 (webtiles) character file.

1950 Merkmirnix the Cleaver (level 8, -3/73 HPs)
             Began as a Minotaur Berserker on Dec 26, 2018.
             Was an Elder of Trog.
             Killed from afar by an electric eel (8 damage)
             ... with a bolt of electricity
             ... on level 6 of the Dungeon.
             The game lasted 00:14:15 (4141 turns).

Merkmirnix the Cleaver (Minotaur Berserker)         Turns: 4141, Time: 00:14:16

Health: -3/73      AC: 19    Str: 25      XL:     8   Next: 99%
Magic:  7/7        EV:  8    Int:  4      God:    Trog [****..]
Gold:   245        SH:  0    Dex:  8 (9)  Spells: 7/7 levels left

rFire    + . .     SeeInvis .   G - +1 war axe (elec)
rCold    + . .     Gourm    .   (no shield)
rNeg     . . .     Faith    .   J - +0 plate armour
rPois    .         Spirit   .   (helmet restricted)
rElec    .         Reflect  .   u - scarf {rC+ rF+}
rCorr    .         Harm     .   B - +1 pair of gloves
MR       .....                  (no boots)
Stlth    ..........             (no amulet)
HPRegen  0.22/turn              k - ring of flight
MPRegen  0.10/turn              v - +4 ring of protection

@: flying
A: retaliatory headbutt, horns 2
a: Berserk, Trog's Hand, Brothers in Arms, Renounce Religion, Stop Flying


You were on level 6 of the Dungeon.
You worshipped Trog.
Trog was greatly pleased with you.
You were hungry.

You visited 1 branch of the dungeon, and saw 6 of its levels.

You collected 245 gold pieces.

Inventory:

Hand Weapons
 A - a +0 flail
 G - a +1 war axe of electrocution (weapon)
Armour
 u - a scarf of resistance (worn)
 B - a +1 pair of gloves (worn)
 J - a +0 plate armour (worn)
Jewellery
 k - a ring of flight (left hand)
 v - a +4 ring of protection (right hand)
 D - an uncursed ring of stealth
Wands
 x - a wand of enslavement (11)
 y - a wand of digging (12)
 H - a wand of flame (17)
Scrolls
 a - a scroll of fear {unknown}
 b - 6 scrolls of remove curse
 g - 5 scrolls of amnesia
 l - 2 scrolls of magic mapping
 m - a scroll of identify
 n - a scroll of immolation
 o - 4 scrolls of teleportation
 p - a scroll of blinking
 q - 2 scrolls of fog {unknown}
 t - 4 scrolls of noise
 C - a scroll of enchant armour {unknown}
 F - a scroll of random uselessness {unknown}
Potions
 d - 2 potions of invisibility
 e - a potion of degeneration {unknown}
 f - 2 potions of curing {unknown}
 h - a potion of agility {unknown}
 i - 4 potions of haste {unknown}
 j - 2 potions of ambrosia {unknown}
 s - a potion of lignification {unknown}
 w - 2 potions of flight {unknown}
 z - a potion of magic {unknown}
 E - a potion of heal wounds {unknown}
Comestibles
 c - 16 rations
 I - a chunk of flesh


   Skills:
 * Level 7.3 Fighting
 * Level 10.7 Axes
 * Level 7.4 Armour
 - Level 2.4 Dodging


You had 7 spell levels left.
You didn't know any spells.
Your spell library was empty.

Dungeon Overview and Level Annotations

Branches:
Dungeon (6/15)             Temple (0/1) D:4

Altars:
Cheibriados
Fedhas
Gozag


Innate Abilities, Weirdness & Mutations

You reflexively headbutt those who attack you in melee.
You have a pair of horns on your head.


Message History

The bolt of electricity misses you. The bolt of electricity hits you!
The bolt of electricity hits the electric eel.
The electric eel completely resists.
Your plate armour prevents you from hitting the electric eel.
The electric eel is heavily wounded.
You are feeling hungry.
You closely miss the electric eel. You headbutt the electric eel.
The electric eel is severely wounded.
You miss the electric eel.
The electric eel is severely wounded.
The electric eel shoots out a bolt of lightning at you!
The bolt of electricity hits you!
* * * LOW HITPOINT WARNING * * *
The bolt of electricity hits you!
* * * LOW HITPOINT WARNING * * *
The bolt of electricity hits the electric eel.
The electric eel completely resists.
The electric eel shoots out a bolt of lightning at you!
The bolt of electricity hits you!
You die...

#. #≈≈≈ ≈≈# #.#
≈#≈ ≈≈ # #.≈≈≈≈≈
≈≈≈# #.#≈≈≈≈ ≈#≈
#### #.##≈#≈ ≈≈
#... #..≈≈≈≈#≈ .
#... #[.###≈;#
... #...
##....##≈#.....
#...
##......@.......#
#...
#........####.#.#
##.. ##...#####
#.. .###.###)##
#.. .......)[#
##.. ####.###.#
### .###### #...
##)## #.. ...
...# #... ##...##
#.# #.# #..###.#.
##..(..###.# #.#
#..##..#.


You could see an electric eel.

Vanquished Creatures
  Pikel (D:5)
  A water moccasin (D:5)
  A black bear (D:6)
  An orc warrior (D:6)
  2 slaves (D:5)
  A phantom (D:4)
  3 ogres
  A centaur (D:5)
  2 howler monkeys
  A crimson imp (D:2)
  2 quasits
  3 orc priests
  2 hounds
  5 orc wizards (D:5)
  Ijyb (D:3)
  Terence (D:3)
  An iguana (D:6)
  2 worker ants
  Robin (D:2)
  3 gnolls (D:4)
  4 adders
  2 oozes
  An adder skeleton (D:5)
  3 worms
  A dart slug (D:5)
  5 leopard geckos
  23 orcs
  6 giant cockroaches
  12 goblins
  10 hobgoblins
  5 jackals
  3 quokkas
  2 ball pythons
  8 bats
  6 frilled lizards
  6 kobolds
  A quokka skeleton (D:3)
  5 rats
138 creatures vanquished.

Notes
Turn   | Place    | Note
-------+----------+-------------------------------------------
     0 | D:1      | Merkmirnix the Minotaur Berserker began the quest for the
                  | Orb.
     0 | D:1      | Reached XP level 1. HP: 19/19 MP: 0/0
   382 | D:1      | Reached XP level 2. HP: 25/27 MP: 1/1
   492 | D:1      | Reached skill level 4 in Axes
   872 | D:2      | Noticed Robin
   888 | D:2      | Reached XP level 3. HP: 18/33 MP: 2/2
   893 | D:2      | Killed Robin
   895 | D:2      | Reached ** piety under Trog
  1073 | D:2      | Reached skill level 5 in Axes
  1073 | D:2      | Reached XP level 4. HP: 37/41 MP: 3/3
  1635 | D:3      | Noticed Ijyb
  1639 | D:3      | Reached XP level 5. HP: 21/47 MP: 4/4
  1644 | D:3      | Killed Ijyb
  1644 | D:3      | Reached skill level 6 in Axes
  1644 | D:3      | Reached *** piety under Trog
  1891 | D:3      | Reached skill level 5 in Fighting
  1956 | D:3      | Noticed Terence
  1967 | D:3      | Killed Terence
  2160 | D:4      | Reached XP level 6. HP: 47/56 MP: 5/5
  2408 | D:4      | Found a staircase to the Ecumenical Temple.
  2432 | D:4      | Reached skill level 7 in Axes
  2486 | D:4      | Reached XP level 7. HP: 46/61 MP: 6/6
  2658 | D:4      | Found a snail-covered altar of Cheibriados.
  2820 | D:5      | Entered Level 5 of the Dungeon
  2861 | D:5      | Reached skill level 8 in Axes
  2865 | D:5      | Reached skill level 5 in Armour
  2889 | D:5      | Reached **** piety under Trog
  2994 | D:5      | Found an opulent altar of Gozag.
  3328 | D:5      | Found a blossoming altar of Fedhas.
  3392 | D:5      | Reached skill level 9 in Axes
  3392 | D:5      | Reached XP level 8. HP: 60/70 MP: 7/7
  3566 | D:5      | Noticed Pikel
  3574 | D:5      | Killed Pikel
  3574 | D:5      | Reached skill level 10 in Axes
  4091 | D:6      | Received a gift from Trog
  4141 | D:6      | Killed from afar by an electric eel

Skill      XL: |  1  2  3  4  5  6  7  8 |
---------------+-------------------------+-----
Fighting       | 4 5 6 7 |  7.3
Axes           | 4 5 6 7 9 10 | 10.7
Armour         | 3 4 5 7 |  7.4
Dodging        | |  2.4

Action                   |  1- 3 |  4- 6 |  7- 9 || total
-------------------------+-------+-------+-------++-------
Melee: Hand axe          |    49 |   141 |   121 ||   311
       Headbutt          |     8 |    27 |    27 ||    62
       War axe           |       |       |    30 ||    30
Invok: Berserk           |     1 |     1 |       ||     2
 Abil: Evoke Flight      |       |       |     1 ||     1
  Use: Scroll            |       |       |     7 ||     7
  Eat: Chunk             |     1 |     6 |     5 ||    12
Armor: Animal skin       |    10 |       |       ||    10
       Plate armour      |       |   101 |   107 ||   208
Dodge: Dodged            |    42 |    57 |    53 ||   152
